 Dungeon Crawl Stone Soup version 0.23-a0-612-gcb482e9 (webtiles) character file.

52 Borgoz the Skirmisher (level 3, -5/32 (33) HPs)
             Began as a Ghoul Abyssal Knight on Dec 22, 2018.
             Was a Follower of Lugonu.
             Slain by a gnoll
             ... wielding a +0 halberd
              (9 damage)
             ... on level 2 of the Dungeon.
             The game lasted 00:01:47 (800 turns).

Borgoz the Skirmisher (Ghoul Abyssal Knight)         Turns: 800, Time: 00:01:48

HP:   -5/32 (33)    AC:  5    Str: 15    XL:     3   Next: 85%
MP:   3/3           EV: 10    Int:  7    God:    Lugonu [*.....]
Gold: 96            SH:  0    Dex:  9    Spells: 2/2 levels left

rFire    . . .     SeeInvis .   a - +1 hand axe
rCold    + . .     Gourm    .   (no shield)
rNeg     + + +     Faith    .   e - +0 ring mail
rPois    ∞         Spirit   .   (no helmet)
rElec    .         Reflect  .   l - scarf {cloud immunity}
rCorr    .         Harm     .   (no gloves)
MR       .....                  (no boots)
Stlth    ..........             (no amulet)
HPRegen  0.00/turn              (no ring)
MPRegen  0.08/turn              (no ring)

@: rotting
A: rotting body, claws 1, carnivore, cold resistance 1, negative energy
resistance 3, inhibited regeneration, torment resistance, unbreathing
a: Depart the Abyss, Renounce Religion


You were on level 2 of the Dungeon.
You worshipped Lugonu.
Lugonu was aware of your devotion.
You were not hungry.

You visited 1 branch of the dungeon, and saw 2 of its levels.
You visited the Abyss 1 time.

You collected 96 gold pieces.

Inventory:

Hand Weapons
 a - a +1 hand axe (weapon)
Armour
 e - a +0 ring mail (worn)
 l - a scarf of cloud immunity (worn)
Jewellery
 h - an uncursed ring of magical power {unknown}
Scrolls
 d - 2 scrolls of identify {unknown}
 g - 2 scrolls of magic mapping {unknown}
 j - 3 scrolls of remove curse {unknown}
 k - a scroll of immolation {unknown}
 m - a scroll of blinking {unknown}
 n - a scroll of noise {unknown}
Potions
 b - a potion of haste {unknown}
 i - 2 potions of heal wounds {unknown}
 o - a potion of degeneration {unknown}
Comestibles
 c - 2 rations
 f - 3 chunks of flesh


   Skills:
 + Level 3.7 Fighting
 + Level 2.2 Axes
 + Level 2.2 Armour
 + Level 1.5 Dodging
 + Level 2.5 Invocations


You had 2 spell levels left.
You didn't know any spells.
Your spell library was empty.

Dungeon Overview and Level Annotations

Branches:
Dungeon (2/15)

Altars:

Annotations:
D:2 1 runed door


Innate Abilities, Weirdness & Mutations

Your body is rotting away.
You thrive on raw meat.
You are immune to poison.
You have sharp fingernails.
You are carnivorous and can eat meat at any time.
Your flesh is cold resistant. (rC+)
You are immune to negative energy. (rN+++)
You do not regenerate when monsters are visible.
You are immune to unholy pain and torment.
You can survive without breathing.


Message History

The leopard gecko bites you.
The jackal bites you but does no damage.
You feel your flesh rotting away.
The jackal bites you but does no damage. 2 jackals and a gnoll come into view.
The jackal barks! x2
The jackal closely misses you.
The gnoll moves out of view.
The gnoll closely misses you. The jackal barely misses you.
The gnoll hits you with a +0 spear. The jackal bites you. The gnoll misses you.
The jackal barely misses you.
The jackal bites you but does no damage.
The gnoll hits you from afar with a +0 halberd!
* * * LOW HITPOINT WARNING * * *
A gnoll comes into view. It is wielding a +0 spear.
The gnoll completely misses you.
The jackal bites you but does no damage.
The gnoll shouts!
You hear an angry hiss.
The gnoll hits you from afar with a +0 halberd!
You die...

###.. #..#..# ......
#..#### ..... ##....#
..g #.##.# .
#.#####.##÷# .%
#####..lg.g....#
#.#<#.....###.#..###
##<....#..h.ghs.....#
.h.....#..@.#g#..##.#
#...######.#.....#
#.....####g....###
#.#..gg......#.#
#.#.########.# #...#
#.# ##### #####.#
#.....# #.#####


You could see 3 gnolls, a leopard gecko, 2 jackals and a giant cockroach.

Vanquished Creatures
  A worker ant (D:2)
  2 dart slugs (D:1)
  3 bats (D:1)
  3 giant cockroaches (D:1)
  4 goblins (D:1)
  A hobgoblin (D:1)
  4 jackals (D:2)
  A quokka (D:2)
  A kobold (D:1)
  4 rats (D:1)
24 creatures vanquished.

Notes
Turn   | Place    | Note
-------+----------+-------------------------------------------
     0 | Abyss:1  | Borgoz the Ghoul Abyssal Knight began the quest for the
                  | Orb.
     0 | Abyss:1  | Reached XP level 1. HP: 19/19 MP: 1/1
    20 | Abyss:2  | Noticed a spatial maelstrom
   121 | Abyss:2  | Noticed a tentacled starspawn
   122 | Abyss:2  | Noticed a large abomination
   125 | Abyss:2  | Noticed a wraith
   125 | D:1      | Escaped the Abyss
   149 | D:1      | Reached * piety under Lugonu
   199 | D:1      | Reached skill level 1 in Dodging
   247 | D:1      | Reached XP level 2. HP: 13/25 MP: 2/2
   647 | D:2      | Reached XP level 3. HP: 29/31 MP: 3/3
   729 | D:2      | Found a runed door.
   800 | D:2      | Slain by a gnoll

Vault maps used:
D:1:      ncdulo_lavacross, minmay_tetromino_o2
D:2:      uniq_crazy_yiuf_cottage
Abyss:1:  evilmike_abyss_exit_16

Skill      XL: |  1  2 |
---------------+-------+-----
Dodging        | 1 |  1.5
Armour         | 2 |  2.2
Axes           | 2 |  2.2
Fighting       | |  3.7
Invocations    | |  2.5

Action                   || total
-------------------------++-------
Melee: Hand axe          ||    78
Invok: Depart the Abyss  ||     1
  Eat: Chunk             ||     9
Armor: Ring mail         ||    29
Dodge: Dodged            ||    63

Table legend:
 A = Non-vault XP
 B = Vault XP
 C = Vault XP percentage of total XP
 D = Non-vault monster count
 E = Vault monster count
 F = Vault count percentage of total count
                 A         B        C        D         E       F
            +---------+---------+-------+---------+---------+-------
      Total |      71 |       4 |   5.3 |      23 |       1 |   4.2
            +---------+---------+-------+---------+---------+-------
        D:1 |      29 |       4 |  12.1 |      17 |       1 |   5.6
        D:2 |      42 |       0 |   0.0 |       6 |       0 |   0.0
            +---------+---------+-------+---------+---------+-------
